 Seeded DCSS version 0.30.1 (webtiles) character file.

Game seed: 6351066067085065685 (custom seed)

2239 Esekla the Thaumaturge (level 9, -1/45 HPs)
             Began as a Deep Elf Necromancer on July 11, 2023.
             Was a Believer of Vehumet.
             Succumbed to a gnoll sergeant's poison
             ... on level 7 of the Dungeon.
             The game lasted 00:27:40 (6045 turns).

Esekla the Thaumaturge (Deep Elf Necromancer)       Turns: 6045, Time: 00:27:40

Health: -1/45      AC:  5    Str:  5    XL:     9   Next: 14%
Magic:  23/23      EV:  8    Int: 25    God:    Vehumet [**....]
Gold:   398        SH:  0    Dex: 18    Spells: 15/25 levels left

rFire   . . .        a - +5 rapier of the Hero {heavy, rN+ Dex+3}
rCold   . . .        (no shield)
rNeg    + . .        n - +0 robe
rPois   .            i - +0 helmet
rElec   .            G - +0 cloak
rCorr   .            k - +0 pair of gloves
SInv    .            (no boots)
Will    .....        B - amulet of magic regeneration
Stlth   +++          (no ring)
HPRegen 0.27/turn    (no ring)
MPRegen 0.58/turn

%: no passive effects
@: lethally poisoned (-1 -> -17), attractive, held
A: no striking features
a: Renounce Religion


You were on level 7 of the Dungeon.
You worshipped Vehumet.
Vehumet was pleased with you.
You visited 1 branch of the dungeon, and saw 8 of its levels.

You collected 398 gold pieces.

Inventory:

Hand Weapons
 a - the +5 rapier of the Hero (weapon) {heavy, rN+ Dex+3}
   (You found it on level 3 of the Dungeon)

   Dex:       It affects your dexterity (+3).
   rN:        It protects you from negative energy.
 c - a +0 scimitar
 r - a +0 trident
Missiles
 t - 24 poisoned darts (quivered)
 z - 3 throwing nets
Armour
 i - a +0 helmet (worn)
 k - a +0 pair of gloves (worn)
 n - a +0 robe (worn)
 G - a +0 cloak (worn)
Jewellery
 B - an amulet of magic regeneration (around neck)
Wands
 y - a wand of mindburst (9)
 D - a wand of flame (14)
 E - a wand of roots (21)
Scrolls
 e - 3 scrolls of fear
 f - 2 scrolls of poison {unknown}
 m - a scroll of immolation {unknown}
 o - 5 scrolls of blinking
 q - 2 scrolls of fog
 u - a scroll of enchant armour {unknown}
 v - a scroll of amnesia
 w - a scroll of silence {unknown}
 x - 3 scrolls of enchant weapon
 A - a scroll of magic mapping
 F - 2 scrolls of teleportation {unknown}
Potions
 b - a potion of magic
 d - 3 potions of ambrosia {unknown}
 g - 2 potions of haste {unknown}
 h - a potion of mutation {unknown}
 j - 5 potions of curing
 l - 4 potions of attraction
 p - a potion of heal wounds
 s - 3 potions of brilliance {unknown}
 C - a potion of lignification {unknown}


   Skills:
 + Level 2.9 Short Blades
 + Level 0.8 Throwing
 * Level 5.6 Dodging
 + Level 4.4 Stealth
 * Level 8.8 Spellcasting
 + Level 3.0 Conjurations
 * Level 8.7 Necromancy
 * Level 3.8 Translocations
 * Level 2.6 Air Magic
 * Level 0.2 Poison Magic


You had 15 spell levels left.
You knew the following spells:

 Your Spells              Type           Power      Damage    Failure   Level
d - Vampiric Draining     Necr           53%        2d9       1%          3
e - Static Discharge      Conj/Air       50%        2-5/arc   2%          2
t - Teleport Other        Tloc           30%        N/A       3%          3
v - Poisonous Vapours     Pois/Air       36%        N/A       4%          2

Your spell library contained the following spells:

 Spells                   Type           Power      Damage    Failure   Level
 Necrotise                Necr           100%       1d9       1%          1
 Lesser Beckoning         Tloc           60%        N/A       1%          2
 Animate Dead             Necr           53%        N/A       1%          4
 Gell's Gravitas          Tloc           30%        N/A       3%          3
 Agony                    Necr           53%        N/A       4%          5
 Spider Form              Tmut/Pois      11%        N/A       16%         3
 Cause Fear               Hex            5%         N/A       50%         4
 Summon Mana Viper        Hex/Summ       11%        N/A       83%         5


Dungeon Overview and Level Annotations

Branches:
Dungeon (8/15)             Temple (0/1) D:6
   Lair: D:8-11

Altars:
Dithmenos
Fedhas
Hepliaklqana
Okawaru
Qazlal
Trog
Vehumet
Zin
The Shining One

Shops:
D:2 =   D:4 (

Annotations:
D:2 black bear
D:4 gnolls & shaman


Message History

Vehumet accepts your kill.
You feel your power returning.
You feel life coursing into your body.
Things that are here:
a +0 shortbow; a centaur corpse
g - 2 yellow potions (gained 1)
You start resting.
HP restored.
A gnoll comes into view. It is wielding a +0 flail.
Found 6 stones.
You open the door.
There is an open door here.
As you open the door, it creaks loudly!
There is an open door here.
z - 3 throwing nets (gained 2)
You open the door.
There is an open door here.
An ogre comes into view. It is wielding a +0 giant club.
There is an open door here. 2 gnolls come into view.
A gnoll comes into view. It is wielding a +0 club.
The gnoll shouts! x3; You hear a shout!
The gnoll shouts!
A gnoll sergeant comes into view. It is wielding a +4 trident of venom.
The gnoll hits you from afar with a +0 spear.
The gnoll throws a throwing net.
The throwing net closely misses you.
The gnoll throws a throwing net.
The throwing net hits you.
You become entangled in the net!
You see here a throwing net.
You struggle against the net.
You struggle against the net.
You struggle against the net.
The gnoll hits you with a +0 club.
The gnoll sergeant hits you from afar with a +4 trident of venom!
You are poisoned.
You struggle against the net.
You feel very sick. The gnoll hits you with a +0 club.
The gnoll sergeant hits you from afar with a +4 trident of venom!
* * * LOW HITPOINT WARNING * * *
It was a potion of attraction.
You feel attractive to monsters.
You die...

?########
........#########################
........'........................
........#....#################'##
.#####+##.(..# #####..... #....#
#(..'.....
#....###########.###.....
#....ggg@.....##.# ######
#...g.#######.##.# #####.# .. #.#
##g##.#..#.##.######
+....g.............#
#####g####..######.# .. #.. #.#
.##.. #.### ##.. #...#


You could see a gnoll sergeant and 3 gnolls.

Vanquished Creatures
  Pikel (D:6)
  A wyvern (D:7)
  Menkaure (D:7)
  An ice beast (D:5)
  A sky beast (D:6)
  A black bear (D:6)
  An ogre (D:5)
  A centaur (D:7)
  A phantom (D:7)
  Blork the orc (D:6)
  A kobold brigand (D:6)
  A bullfrog (D:7)
  2 scorpions (D:5)
  5 hounds
  A jelly (D:6)
  Crazy Yiuf (D:7)
  A sleepcap (D:5)
  5 iguanas
  An orc wizard (D:7)
  8 gnolls
  9 adders
  4 white imps
  An ufetubus (D:5)
  A worm (D:4)
  3 dart slugs
  15 orcs
  6 ball pythons
  4 bats
  4 endoplasms
  8 goblins
  5 hobgoblins
  A quokka (D:1)
  4 frilled lizards
  12 kobolds
  A rat (D:2)
114 creatures vanquished.

Notes
Turn   | Place    | Note
-------+----------+-------------------------------------------
     0 | D:1      | Esekla the Deep Elf Necromancer began the quest for the
                  | Orb.
     0 | D:1      | Reached XP level 1. HP: 10/10 MP: 6/6
    85 | D:1      | Reached skill level 5 in Necromancy
   289 | D:4      | Found a radiant altar of Vehumet.
   293 | D:4      | Became a worshipper of Vehumet
   303 | D:4      | Found an iron altar of Okawaru.
   359 | D:4      | Found a glowing silver altar of Zin.
   477 | D:3      | Reached XP level 2. HP: 8/15 MP: 8/8
   590 | D:3      | Identified the +5 rapier of the Hero {heavy, rN+ Dex+3}
   635 | D:2      | Found Renulab's Jewellery Shop.
   944 | D:1      | Reached XP level 3. HP: 19/19 MP: 9/9
   948 | D:1      | Learned a level 3 spell: Vampiric Draining
  1229 | D:2      | Noticed a black bear
  1256 | D:2      | Reached * piety under Vehumet
  1256 | D:2      | Offered knowledge of Foxfire by Vehumet.
  1267 | D:2      | Learned a level 3 spell: Teleport Other
  1367 | D:2      | Reached skill level 1 in Short Blades
  1374 | D:2      | Reached XP level 4. HP: 24/24 MP: 4/11
  1553 | D:2      | Found a faded altar of an unknown god.
  1778 | D:3      | Found a stormy altar of Qazlal.
  1781 | D:3      | Found a hazy altar of Hepliaklqana.
  1781 | D:3      | Found a bloodstained altar of Trog.
  1791 | D:3      | Reached XP level 5. HP: 23/28 MP: 6/12
  2586 | D:4      | Found Ponaysk's Antique Weapon Boutique.
  2800 | D:4      | Found a glowing golden altar of the Shining One.
  2836 | D:4      | Reached skill level 1 in Translocations
  3208 | D:5      | Entered Level 5 of the Dungeon
  3216 | D:5      | Got the Parchment of the Lumpy Olives
  3232 | D:5      | Found a shadowy altar of Dithmenos.
  3306 | D:5      | Reached XP level 6. HP: 32/32 MP: 14/14
  3555 | D:5      | Reached skill level 5 in Spellcasting
  3563 | D:5      | Offered knowledge of Static Discharge by Vehumet.
  3579 | D:5      | Learned a level 2 spell: Static Discharge
  3650 | D:5      | Reached XP level 7. HP: 25/36 MP: 14/17
  3706 | D:5      | Reached ** piety under Vehumet
  4473 | D:6      | Found a blossoming altar of Fedhas.
  4513 | D:6      | Reached skill level 1 in Conjurations
  4513 | D:6      | Reached skill level 1 in Air Magic
  4667 | D:6      | Noticed Pikel
  4669 | D:6      | Reached XP level 8. HP: 38/41 MP: 15/19
  4940 | D:6      | Killed Pikel
  4941 | D:6      | Reached skill level 5 in Dodging
  5071 | D:6      | Noticed Blork the orc
  5076 | D:6      | Killed Blork the orc
  5132 | D:6      | Found a staircase to the Ecumenical Temple.
  5565 | D:7      | Noticed Menkaure
  5571 | D:8      | Noticed a two-headed ogre
  5588 | D:7      | Killed Menkaure
  5726 | D:7      | Reached XP level 9. HP: 45/45 MP: 23/23
  5822 | D:7      | Found a runed translucent door.
  5823 | D:7      | Noticed Crazy Yiuf
  5829 | D:7      | Killed Crazy Yiuf
  5829 | D:7      | Offered knowledge of Poisonous Vapours by Vehumet.
  5839 | D:7      | Learned a level 2 spell: Poisonous Vapours
  6045 | D:7      | Succumbed to a gnoll sergeant's poison

Illustrated notes

Levels and vault maps discovered:
D:1:      sevenhm_arrival_forest_fort_small_3, layout_rooms,
          chequers_serial_rivers_room_b, minmay_misc_feat_five
D:2:      layout_loops_ring, dreamdust_ecumenical_altar_angels_and_demons,
          serial_shops, shop
D:3:      layout_basic, grunt_temple_overflow_open, minmay_misc_feat_iff
D:4:      layout_basic, nicolae_overflow_quartered_altars, serial_shops,
          nicolae_diamond_shop
D:5:      layout_loops_ring, lemuel_doored_altar, minmay_misc_feat_rows,
          dreamdust_wishing_well
D:6:      layout_loops_cross, fedhas_altar_fruit_tree,
          minmay_temple_entry_glass, uniq_pikel, uniq_blork_the_orc
D:7:      layout_basic, uniq_menkaure, uniq_joseph, uniq_crazy_yiuf_cottage
D:8:      layout_basic, nicolae_uskayaw_dance_hall, serial_demonic,
          serial_demonic_d, serial_demonic_a, serial_demonic_c,
          serial_demonic_c, nicolae_diode_quadrants

Skill      XL: |  1  2  3  4  5  6  7  8  9 |
---------------+----------------------------+-----
Necromancy     | 5 6 7 8 |  8.7
Stealth        | 3 4 |  4.4
Short Blades   | 1 2 |  2.9
Dodging        | 3 4 5 |  5.6
Translocations | 1 2 3 |  3.8
Spellcasting   | 4 5 6 8 |  8.8
Conjurations   | 1 2 3 |  3.0
Air Magic      | 1 2 |  2.6
Throwing       | |  0.8
Poison Magic   | |  0.2

Action                     |  1- 3 |  4- 6 |  7- 9 || total
---------------------------+-------+-------+-------++-------
  Melee: Short sword       |    28 |       |       ||    28
         Unarmed           |     9 |       |       ||     9
         Rapier            |    32 |    75 |    67 ||   174
         Punch             |       |     1 |     2 ||     3
  Throw: Dart              |       |    10 |     4 ||    14
   Cast: Vampiric Draining |     4 |    22 |    27 ||    53
         Teleport Other    |       |       |     6 ||     6
  Evoke: Wand              |       |       |     1 ||     1
    Use: Scroll            |       |       |     9 ||     9
         Potion            |       |       |     3 ||     3
   Stab: Sleeping          |     3 |     7 |    10 ||    20
         Distracted        |       |       |     1 ||     1
 Armour: Robe              |    13 |    21 |    16 ||    50
  Dodge: Dodged            |    37 |    86 |    74 ||   197
